 Dungeon Sprint DCSS version 0.23.2-30-g0e89c35649 (webtiles) character file.

Game seed: 2247225744806633038

49 HASTUR3 the Insei (level 3, 0/23 HPs)
             Began as an Octopode Transmuter on June 19, 2019.
             Was an Initiate of Sif Muna.
             Slain by an unseen horror (9 damage)
             ... in the Dungeon (Sprint IX: "|||||||||||||||||||||||||||||").
             The game lasted 00:02:00 (351 turns).

HASTUR3 the Insei (Octopode Transmuter)              Turns: 351, Time: 00:02:00

Health: 0/23       AC:  5    Str: 10    XL:     3   Next: 75%
Magic:  6/6        EV: 13    Int: 15    God:    Sif Muna [......]
Gold:   0          SH:  0    Dex: 12    Spells: 5/6 levels left

rFire    . . .     SeeInvis .     - Unarmed
rCold    . . .     Gourm    .   (no shield)
rNeg     . . .     Faith    .   (helmet restricted)
rPois    .         Spirit   .   (no amulet)
rElec    .         Reflect  .   n - +2 ring of protection
rCorr    .         Harm     .   m - +2 ring of protection
MR       .....     NoTele   +   (no ring)
Stlth    +++.......             (no ring)
HPRegen  0.07/turn              (no ring)
MPRegen  0.10/turn              (no ring)
                                (no ring)
                                (no ring)

@: very slightly contaminated, invisible (expiring)
A: almost no armour, stealthy swim, amphibious, 8 rings, constrict 8, camouflage
1, gelatinous body 1
a: Renounce Religion


You were in the Dungeon.
You worshipped Sif Muna.
Sif Muna was noncommittal.
You were not hungry.

You visited 1 branch

Inventory:

Hand Weapons
 j - a +0 dagger
Missiles
 a - 12 arrows
Jewellery
 m - a +2 ring of protection (right tentacle)
 n - a +2 ring of protection (left tentacle)
Wands
 l - a wand of iceblast (10)
Scrolls
 h - 3 scrolls of remove curse
 i - 2 scrolls of blinking
 k - 2 scrolls of amnesia
Potions
 d - 5 potions of curing
 e - a potion of heal wounds
 f - a potion of haste
 g - 4 potions of magic
Comestibles
 c - a ration


   Skills:
 - Level 1.0 Fighting
 - Level 2.0 Dodging
 - Level 4.2 Stealth
 - Level 5.3 Unarmed Combat
 - Level 2.0 Spellcasting
 + Level 4.8 Transmutations


You had 5 spell levels left.
You knew the following spells:

 Your Spells              Type           Power        Failure   Level  Hunger
a - Beastly Appendage     Tmut           ###...       3%          1    #......

Your spell library contained the following spells:

 Spells                   Type           Power        Failure   Level  Hunger
 Sticks to Snakes         Tmut           ###.....     4%          2    ###....
 Spider Form              Tmut/Pois      #.........   26%         3    ###....
 Ice Form                 Ice/Tmut       #.......     63%         4    #####..
 Blade Hands              Tmut           ###.......   65%         5    ######.


Dungeon Overview and Level Annotations

Branches:
Dungeon (1/1)

Altars:
Cheibriados
Dithmenos
Elyvilon
Fedhas
Gozag
Hepliaklqana
Kikubaaqudgha
Makhleb
Nemelex Xobeh
Okawaru
Qazlal
Ru
Sif Muna
Trog
Uskayaw
Vehumet
Wu Jian
Xom
Yredelemnul
Zin
The Shining One
Beogh
Jiyva
Lugonu


Innate Abilities, Weirdness & Mutations

You cannot wear most types of armour.
You are very stealthy in the water. (Stealth+)
You are amphibious.
You can wear up to eight rings at the same time.
You can use your tentacles to constrict eight enemies at once.
Your skin changes colour to match your surroundings (Stealth+).
Your rubbery body absorbs attacks. (AC +1, EV +1)


Message History

Something completely misses you.
You tentacle-slap something but do no damage.
Something hits you but does no damage. Something hits you!
* * * LOW HITPOINT WARNING * * *
The orc wizard begins to cast a cantrip, but forgets the words!
You feel much better. Something hits you! x2
* * * LOW HITPOINT WARNING * * *
You barely miss something. Something hits you.
* * * LOW HITPOINT WARNING * * *
The orc wizard gestures at something while chanting.
The puff of flame misses you.
You feel much better. Something hits you but does no damage.
Something hits you.
You closely miss something.
The killer bee buzzes angrily.
The wyvern hisses angrily.
Your tentacle-slap misses something.
You squeeze something! Something hits you.
You closely miss something.
You flicker for a moment.
Something hits you! x2
You die... ▓▓▓▓▓▓▓▓▓▓▓▓▓▓▓▓▓▓▓▓▓▓▓▓ _______'..|)[[[.@{oyloh. ▓▓▓▓▓▓▓▓▓▓▓▓▓▓▓▓▓▓▓▓▓▓▓▓

You could see a black bear (wandering), a wyvern (wandering), a killer bee (wandering) and 2 orc wizards.

Vanquished Creatures
  An orc wizard (D)
  A shadow imp (D)
  An adder skeleton (D)
  A bat zombie (D)
  A giant cockroach (D)
  2 goblins (D)
  A jackal (D)
  2 kobolds (D)
10 creatures vanquished.

Notes
Turn   | Place    | Note
-------+----------+-------------------------------------------
     0 | D        | HASTUR3 the Octopode Transmuter began the quest for the
                  | Orb.
     0 | D        | Reached XP level 1. HP: 13/13 MP: 3/3
     8 | D        | Reached skill level 1 in Stealth
    35 | D        | Noticed an orc wizard
    44 | D        | Reached skill level 4 in Unarmed Combat
    44 | D        | Reached XP level 2. HP: 8/18 MP: 5/5
    50 | D        | Reached skill level 5 in Unarmed Combat
    50 | D        | Reached XP level 3. HP: 9/23 MP: 6/6
   283 | D        | Found a roughly hewn altar of Beogh.
   283 | D        | Found a snail-covered altar of Cheibriados.
   283 | D        | Found a shadowy altar of Dithmenos.
   283 | D        | Found a white marble altar of Elyvilon.
   283 | D        | Found a blossoming altar of Fedhas.
   283 | D        | Found an opulent altar of Gozag.
   284 | D        | Found a hazy altar of Hepliaklqana.
   285 | D        | Found a viscous altar of Jiyva.
   286 | D        | Found an ancient bone altar of Kikubaaqudgha.
   287 | D        | Found a corrupted altar of Lugonu.
   288 | D        | Found a burning altar of Makhleb.
   289 | D        | Found a sparkling altar of Nemelex Xobeh.
   290 | D        | Found an iron altar of Okawaru.
   291 | D        | Found a stormy altar of Qazlal.
   292 | D        | Found a sacrificial altar of Ru.
   293 | D        | Found a deep blue altar of Sif Muna.
   294 | D        | Found a bloodstained altar of Trog.
   295 | D        | Found a hide-covered altar of Uskayaw.
   296 | D        | Found a radiant altar of Vehumet.
   297 | D        | Found an ornate altar of the Wu Jian Council.
   298 | D        | Found a shimmering altar of Xom.
   299 | D        | Found a basalt altar of Yredelemnul.
   300 | D        | Found a glowing silver altar of Zin.
   301 | D        | Became a worshipper of Sif Muna the Loreminder
   302 | D        | Found a glowing golden altar of the Shining One.
   343 | D        | Noticed a killer bee
   343 | D        | Noticed a wyvern
   343 | D        | Noticed a black bear
   346 | D        | HP: 1/23 [something (7)]
   351 | D        | Slain by an unseen horror

Skill      XL: |  1  2 |
---------------+-------+-----
Stealth        | 2 4 |  4.2
Transmutations | 3 4 |  4.8
Unarmed Combat | 4 5 |  5.3
Fighting       | |  1.0
Dodging        | |  2.0
Spellcasting   | |  2.0

Action                   || total
-------------------------++-------
Melee: Unarmed           ||    31
       Constrict         ||     4
       Tentacles         ||     4
  Use: Potion            ||     4
 Stab: Sleeping          ||     1
Armor: Skin              ||     3
Dodge: Dodged            ||    12
